 Dungeon Crawl Stone Soup version 0.17-a0-2101-g0c122e7 (webtiles) character file.

72 mrath the Digger (level 4, -5/24 HPs)
             Began as a Gargoyle Earth Elementalist on Oct 18, 2015.
             Slain by Skaffen's ghost (7 damage)
             ... on level 3 of the Dungeon.
             The game lasted 00:23:54 (2042 turns).

mrath the Digger (Gargoyle Earth Elementalist)      Turns: 2042, Time: 00:23:54

Health: -5/24      AC:  7    Str: 12    XL:     4   Next: 26%
Magic:  2/9        EV: 12    Int: 16    God:
Gold:   96         SH:  0    Dex: 10    Spells: 2 memorised, 7 levels left

rFire  . . .     SeeInvis .     m - +0 flail (pain)
rCold  . . .     Clarity  .     b - +0 robe
rNeg   + . .     SustAt   .     (no shield)
rPois  ∞         Gourm    .     (no helmet)
rElec  +         Spirit   .     (no cloak)
rCorr  .         Warding  .     (no gloves)
rMut   .         Stasis   .     w - +1 pair of boots
MR     .....                    (no amulet)
Stlth  ++........               (no ring)
                                (no ring)

@: not resistant to hostile enchantments, unstealthy
A: negative energy resistance 1, electricity resistance, unbreathing,
petrification resistance, rot immunity, AC +3
a: no special abilities


You were on level 3 of the Dungeon.
You were not hungry.

You visited 1 branch of the dungeon, and saw 3 of its levels.

You collected 96 gold pieces.

Inventory:

Hand Weapons
 i - a +0 club
 m - a +0 flail of pain (weapon)
 n - a +1 dagger of venom
 u - a +0 short sword
 v - a +0 mace
 y - a +0 mace
 C - a +0 short sword
Missiles
 a - 20 stones (quivered)
 t - 17 poisoned needles
Armour
 b - a +0 robe (worn)
 w - a +1 pair of boots (worn)
Jewellery
 o - an uncursed ring of positive energy {unknown}
Wands
 D - a wand of frost (28)
Scrolls
 f - a scroll of magic mapping
 x - 2 scrolls of recharging {unknown}
Potions
 e - 2 potions of ambrosia {unknown}
 g - 2 potions of heal wounds {unknown}
 h - 2 potions of might {unknown}
 l - a potion of degeneration {unknown}
 p - 2 potions of lignification {unknown}
 r - 2 potions of curing {unknown}
 s - a potion of brilliance {unknown}
 A - a potion of resistance {unknown}
 B - 2 potions of cancellation {unknown}
Books
 c - a book of Geomancy

   Spells                             Type                      Level
   a - Sandblast                      Earth                        1
   b - Stoneskin                      Transmutation/Earth          2
   c - Passwall                       Transmutation/Earth          3
   d - Stone Arrow                    Conjuration/Earth            3
   e - Petrify                        Transmutation/Earth          4
   f - Lee's Rapid Deconstruction     Earth                        5
Comestibles
 d - 4 bread rations
 j - 2 meat rations
 k - 2 chunks of flesh
 q - a beef jerky
 z - a royal jelly


   Skills:
 - Level 1.5 Dodging
 - Level 2.1 Stealth
 * Level 3.5 Spellcasting
 - Level 0.7 Transmutations
 + Level 4.5 Earth Magic


You had 7 spell levels left.
You knew the following spells:

 Your Spells              Type           Power        Failure   Level  Hunger
a - Sandblast             Erth           ###...       3%          1    None
b - Stoneskin             Trmt/Erth      ##......     10%         2    ##.....


Dungeon Overview and Level Annotations

Branches:
Dungeon (3/15)

Altars:
Cheibriados
Gozag
Nemelex Xobeh
Yredelemnul

Annotations:
D:2 Sigmund
D:3 Skaffen's ghost, amateur HOGl


Innate Abilities, Weirdness & Mutations

You are resistant to torment.
Your stone body is resilient (AC +3).
You are immune to poison.
You resist negative energy.
You are resistant to electric shocks.
You can survive without breathing.
You are immune to petrification.
You are immune to rotting.


Message History

* * * LOW HITPOINT WARNING * * *
Casting: Sandblast
Confirm with . or Enter, or press ? or * to list all spells.
Aiming: Sandblast
Press: ? - help, Shift-Dir - straight line, f/p - Skaffen's ghost
Aim: Skaffen's ghost The rocky blast hits Skaffen's ghost.
Skaffen's ghost mumbles, "They all look like pillowcases to me..."
Skaffen's ghost barely misses you.
Casting: Sandblast
Confirm with . or Enter, or press ? or * to list all spells.
Aiming: Sandblast
Press: ? - help, Shift-Dir - straight line, f/p - Skaffen's ghost
Aim: Skaffen's ghost
Okay, then.
Wield which item (- for none, * to show all)? (? for menu, Esc to quit)
You have a feeling of ineptitude.
m - a +0 flail of pain (weapon)
Skaffen's ghost hits you!
You die...

#...######## ##...## #.#
#..........#####'######.#
#..#######.#.###.###.##.#
#...)....#.#.....<......#
##.###...#.#.........####
#.# #.W.#....######## #.#
#...#..#.# #.# #...####.#
#.# #....W@..## #.#
#.........# #.#
#.........# #.#
#.........# #.#
#.........# #.#
########### #.# #.# #.#


You could see Skaffen's ghost.

Vanquished Creatures
  An orc wizard (D:3)
  An ooze (D:3)
  3 orcs (D:3)
  3 goblins
  2 hobgoblins
  4 jackals (D:2)
  5 kobolds
  2 quokkas
  4 bats
  3 giant cockroaches
  A giant newt (D:2)
  4 rats
  A spectral orc (D:3)
34 creatures vanquished.

Notes
Turn   | Place    | Note
--------------------------------------------------------------
     0 | D:1      | mrath the Gargoyle Earth Elementalist began the quest for the Orb.
     0 | D:1      | Reached XP level 1. HP: 10/10 MP: 3/3
   437 | D:1      | Reached XP level 2. HP: 15/15 MP: 3/5
   606 | D:1      | Reached skill level 4 in Earth Magic
   643 | D:1      | Learned a level 2 spell: Stoneskin
   772 | D:2      | Found a snail-covered altar of Cheibriados.
   849 | D:2      | Noticed Sigmund
  1008 | D:2      | Found an opulent altar of Gozag.
  1063 | D:2      | Found a sparkling altar of Nemelex Xobeh.
  1228 | D:2      | Reached XP level 3. HP: 19/19 MP: 5/7
  1590 | D:3      | Found a basalt altar of Yredelemnul.
  1636 | D:3      | Reached XP level 4. HP: 24/24 MP: 0/9
  1855 | D:3      | Noticed a giant frog
  1944 | D:3      | Noticed Skaffen's ghost (amateur HOGl)
  2042 | D:3      | Slain by Skaffen's ghost

Vault maps used:
D:1:      ncdulo_lavacross, st_stairs_5
D:2:      cheibriados_altar_1, old_standard_altar, lemuel_doored_altar,
          minivault_5, uniq_sigmund
D:3:      yredelemnul_forgotten_temple_becter, gammafunk_temple_overflow_statue,
          supply_closet_lemuel

Action                   |  1- 3 |  4- 6 || total
-------------------------+-------+-------++-------
 Cast: Sandblast         |    40 |    15 ||    55
  Use: Scroll            |     5 |       ||     5
  Eat: Chunk             |     2 |     2 ||     4
